 Dungeon Crawl Stone Soup version 0.25-a0-41-g6cf4ce537d (webtiles) character file.

Game seed: 10765557486911242742, levelgen mode: deterministic

9 Alarkh the Skirmisher (level 2, 24/24 HPs)
             Began as a Demonspawn Fighter on Oct 21, 2019.
             Got out of the dungeon alive.
             The game lasted 00:00:16 (396 turns).

Alarkh the Skirmisher (Demonspawn Fighter)           Turns: 396, Time: 00:00:16

Health: 24/24      AC:  6    Str: 16    XL:     2   Next: 3%
Magic:  2/2        EV:  6    Int:  9    God:
Gold:   16         SH:  8    Dex: 12    Spells: 1/1 levels left

rFire    . . .     SeeInvis .   a - +0 long sword
rCold    . . .     Gourm    .   c - +0 shield
rNeg     . . .     Faith    .   b - +0 scale mail
rPois    .         Spirit   .   (helmet restricted)
rElec    .         Reflect  .   (no cloak)
rCorr    .         Harm     .   (no gloves)
MR       .....                  (no boots)
Stlth    ..........             (no amulet)
HPRegen  0.08/turn              (no ring)
MPRegen  0.08/turn              (no ring)

@: no status effects
A: horns 1
a: no special abilities


You escaped.
You were not hungry.

You visited 1 branch of the dungeon, and saw 1 of its levels.

You collected 16 gold pieces.

Inventory:

Hand Weapons
 a - a +0 long sword (weapon)
Armour
 b - a +0 scale mail (worn)
 c - a +0 shield (worn)
Jewellery
 i - an uncursed ring of protection from fire {unknown}
Scrolls
 e - a scroll of magic mapping {unknown}
 k - a scroll of enchant weapon {unknown}
Potions
 d - a potion of might
 h - a potion of lignification {unknown}
 j - a potion of heal wounds {unknown}
Comestibles
 f - 3 rations
 g - 2 chunks of flesh


   Skills:
 - Level 3.0 Fighting
 + Level 2.5 Long Blades
 - Level 2.6 Armour
 - Level 2.6 Shields


You had one spell level left.
You didn't know any spells.
Your spell library was empty.

Dungeon Overview and Level Annotations

Branches:
Dungeon (1/15)

Altars:


Innate Abilities, Weirdness & Mutations

You have a pair of small horns on your head.


Message History

The hobgoblin barely misses you.
You riposte.
You barely miss the hobgoblin.
The hobgoblin is severely wounded.
You block the hobgoblin's attack.
A hobgoblin is nearby!
You closely miss the hobgoblin.
The hobgoblin is severely wounded.
You block the hobgoblin's attack.
A hobgoblin is nearby!
You slash the hobgoblin!
You kill the hobgoblin!
You have reached level 2!
Your demonic ancestry asserts itself...
A pair of horns grows on your head!
You open the door.
There is an open door here.
Found a scroll labeled YKHUESINIO.
There is an open door here.
There is a staircase leading out of the dungeon here.
Are you sure you want to leave the Dungeon?
This will make you lose the game!
You have escaped!

...)....# #.# #.#####.#######.#
#.# #.##...##.######
#.#####.##...........#
#.#..........###.###.#
#.#.###.###### #'# #.######
#.#.# #.###.####.###......##
#.#(###.##'#.##...##.......#
#..(....##.##'..@..######..####
##(######...###...###.........#
#.# ##.....###.## #.###..##.#
#.# #.......#### #.#....##.# #.#
##.....###.## #.#.##.##.#
#.######...###...###.........#
#.##.####.##'..(..#.......#####
##.#...###'#.##...##...........#
.........##.####.##.........##.#


There were no monsters in sight!

Vanquished Creatures
  2 giant cockroaches (D:1)
  A goblin (D:1)
  2 hobgoblins (D:1)
  A bat (D:1)
  2 kobolds (D:1)
8 creatures vanquished.

Notes
Turn   | Place    | Note
-------+----------+-------------------------------------------
     0 | D:1      | Alarkh the Demonspawn Fighter began the quest for the Orb.
     0 | D:1      | Reached XP level 1. HP: 18/18 MP: 1/1
   338 | D:1      | Gained mutation: You have a pair of small horns on your
                  | head. [demonic ancestry]
   338 | D:1      | Reached XP level 2. HP: 21/24 MP: 2/2
   396 | D:$      | Got out of the dungeon alive.

Levels and vault maps discovered:
D:1:      dpeg_arrival_rhombi, layout_loops_corners, hex_medium,
          nemelex_diamond_rough_becter

Skill      XL: |  1 |
---------------+----+-----
Long Blades    | 2 |  2.5
Fighting       | |  3.0
Armour         | |  2.6
Shields        | |  2.6

Action                   || total
-------------------------++-------
Melee: Long sword        ||    33
Armor: Scale mail        ||    20
Dodge: Dodged            ||    11
Block: Shield            ||    22
       Rpst.: Long sword ||     4

Table legend:
 A = Non-vault XP
 B = Vault XP
 C = Vault XP percentage of total XP
 D = Non-vault monster count
 E = Vault monster count
 F = Vault count percentage of total count
                 A         B        C        D         E       F
            +---------+---------+-------+---------+---------+-------
      Total |      13 |       0 |   0.0 |       8 |       0 |   0.0
            +---------+---------+-------+---------+---------+-------
        D:1 |      13 |       0 |   0.0 |       8 |       0 |   0.0
            +---------+---------+-------+---------+---------+-------
